AoeStats
← izflores77yes

Four Lakes

507910058Analyzed
1v1 RM · 13d ago on Sep 20, 2026· 30m 53s· 2 players
Game mode
Random Map
Map size
Tiny (2 player)
Population
200
Speed
Normal
Resources
Standard
Victory
Conquest
Starting age
Dark Age
Ending age
Imperial Age
RankedLock teamsTeams togetherTeam positionsShared explorationLock speedFull tech treeHidden civsTurbo modeCheats
Victory
Defeat
🇬🇧 Teutons · United Kingdom
637
+16
🇺🇸 Persians · United States
647
-35
Rootin Tootin Teuton
4:15 Loom
12:00 Feudal Age
12:35 Double-Bit Axe
21:20 Wheelbarrow
25:30 Castle Age
23:55 Bloodlines
26:10 Forging
27:05 Scale Barding Armor
29:16 Gold Mining
30:42 Chain Barding Armor
31:00 Iron Casting
31:28 Hand Cart
izflores77yes
0:59 Loom
12:48 Feudal Age
14:18 Horse Collar
15:54 Double-Bit Axe
16:48 Stone Mining
17:40 Wheelbarrow
18:15 Town Watch
19:30 Fishing Lines
25:56 Bloodlines
26:04 Arson
Connection lost

Rejoining the realm…

Still unreachable

The connection could not be restored.

Session expired

The server has moved on; the page needs a fresh start.